[Event "Late-Titled-Tuesday-Blitz-June-04-2024"]
[Site "Chess.com"]
[Date "2024.06.04"]
[Round "8"]
[White "rhwr"]
[Black "zacachess"]
[Result "0-1"]
[WhiteElo "2279"]
[BlackElo "2507"]
[TimeControl "180+1"]
[EndTime "15:27:16 PDT"]
[Termination "zacachess won on time"]

1. e4 c5 2. Nf3 d6 3. d4 cxd4 4. Nxd4 Nf6 5. Nc3 Nc6 6. Be2 e5 7. Nb3 Be7 8. O-O O-O 9. Be3 Be6 10. f4 a5 11. f5 Bd7 12. a4 Nb4 13. Nd2 Bc6 14.
Bf3 d5 15. exd5 Nbxd5 16. Nxd5 Nxd5 17. Bf2 Qc7 18. c3 Rad8 19. Qc2 Nf4 20. Ne4 f6 21.
Rfd1 Rxd1+ 22. Rxd1 Rd8 23. Qb3+ Kf8 24. Rxd8+ Qxd8 25. g3 Nd3 26. Bb6 Qd7 27. g4 Ne1 28. Bh1 Qd3 29.
Qe6 Qd1 30. Qc8+ Be8 31. Nf2 Qe2 32. h3 Nf3+ 33. Bxf3 Qxf3 34. Qc4 Bc6 35. Kf1 h5 36. gxh5 Qxf5 37. Bxa5 Qb1+ 38. Ke2 Qxb2+ 39. Ke3 Qc1+ 40. Ke2 Qc2+ 41. Ke3 Qc1+ 42. Ke2 f5 43. Nd3 Qc2+ 44. Ke3 f4+ 45. Nxf4 exf4+ 46. Qxf4+ Ke8 47. Qb8+ Kf7 48. Qf4+ Ke6 49. Qc4+ Bd5 50. Qg4+ Kf7 51. Qf4+ Bf6 52.
Qc7+ Kg8 0-1

[Event "Late-Titled-Tuesday-Blitz-June-04-2024"]
[Site "Chess.com"]
[Date "2024.06.04"]
[Round "8"]
[White "ChessQueen"]
[Black "LeninGuerra"]
[Result "1/2-1/2"]
[WhiteElo "2733"]
[BlackElo "2563"]
[TimeControl "180+1"]
[EndTime "15:27:18 PDT"]
[Termination "Game drawn by repetition"]

1. e4 c5 2. d4 cxd4 3. Qxd4 Nc6 4. Qd3 e6 5. Nc3 Nf6 6. Bf4 Bb4 7. O-O-O O-O 8.
Nge2 Qa5 9. Kb1 Ne5 10. Bxe5 Qxe5 11. f4 Qa5 12. e5 Ne8 13. Ne4 f5 14. Nd6 Bxd6 15.
exd6 b6 16. g4 Bb7 17. Rg1 Be4 18. Qb3 Rc8 19. Nc3 Bf3 20. gxf5 Rxf5 21. Re1 Nxd6 22.
Bd3 Rf7 23. Rg3 Bd5 24. Qa4 Qxa4 25. Nxa4 Rxf4 26. Nc3 Bc4 27. Rd1 Rc7 28. a4 Nf7 29.
Rdg1 g6 30. Ne2 Rf6 31. Nd4 Bxd3 32. Rxd3 Ne5 33. Rdd1 a6 34. Rg3 Kf7 35. Rb3 Nc4 36. Rc3 d5 37. Kc1 Rc5 38. Rh3 h5 39. Nb3 Rc8 40. Nd4 Ne5 41. Re1 Ng4 42. Rb3 e5 43.
Nf3 e4 44. Ng5+ Kg7 45. h3 Ne5 46. Rd1 Rc5 47. Rg3 Nf3 48. b4 Rc4 49. Rxd5 Nxg5 50.
Rdxg5 Rxb4 51. Rxh5 Rxa4 52. Re5 Rd4 53. Re7+ Kh6 54.
Rg4 a5 55. Re8 Kg7 56. Re7+ Rf7 57. Re6 Rf6 58. Re7+ Rf7 59. Re6 Rf6 60. Re7+ 1/2-1/2

[Event "Late-Titled-Tuesday-Blitz-June-04-2024"]
[Site "Chess.com"]
[Date "2024.06.04"]
[Round "8"]
[White "annasargsyan_m"]
[Black "picturesquecheck"]
[Result "1/2-1/2"]
[WhiteElo "2585"]
[BlackElo "2460"]
[TimeControl "180+1"]
[EndTime "15:27:19 PDT"]
[Termination "Game drawn - insufficient material"]

1. d4 d6 2. c4 g6 3. g3 Bg7 4.
Bg2 Nf6 5. Nc3 O-O 6. Nf3 Nc6 7. O-O Bg4 8. d5 Bxf3 9. exf3 Na5 10. Qe2 c5 11. f4 Re8 12. Bd2 Rb8 13. Rae1 a6 14. Qd3 Qd7 15. b3 b5 16. h3 bxc4 17. bxc4 Rb2 18.
Rb1 Reb8 19. g4 h5 20. g5 Ne8 21. Be4 Bxc3 22. Bxc3 Rxb1 23. Rxb1 Rxb1+ 24. Qxb1 Qxh3 25. Bxa5 Qg4+ 26. Kf1 Qxf4 27. Qb8 Kf8 28. Qb1 Qxg5 29. Qd3 h4 30. Bd2 Qe5 31. Bc3 Qg5 32. Bd2 Qe5 33. Kg2 Nf6 34. Bf3 g5 35. Bc3 Qf4 36.
Bxf6 g4 37. Bxe7+ Kxe7 38. Qe4+ Qxe4 39. Bxe4 Kf6 40. f3 Ke5 41. Bh7 f5 42. fxg4 fxg4 43. Bd3 Kd4 44. Be2 g3 45. Kh3 Kc3 46. Bf1 a5 47. Kxh4 g2 48. Bxg2 Kxc4 49. Kg5 Kd4 50. Kf6 c4 51. Kf5 c3 52. Be4 a4 53. Bc2 Kxd5 54.
Bxa4 Kc5 55. Ke4 Kb4 56. Bc2 Ka3 57. Bb3 c2 58. Bxc2 Kxa2 59. Kd5 Kb2 60. Kxd6 1/2-1/2

[Event "Late-Titled-Tuesday-Blitz-June-04-2024"]
[Site "Chess.com"]
[Date "2024.06.04"]
[Round "8"]
[White "pirulillo"]
[Black "StoreySniper"]
[Result "1-0"]
[WhiteElo "2386"]
[BlackElo "2464"]
[TimeControl "180+1"]
[EndTime "15:27:19 PDT"]
[Termination "pirulillo won on time"]

1. e4 g6 2. d4 Bg7 3. Nc3 c5 4. Nf3 Qa5 5. d5 d6 6. Bd2 Nf6 7. a4 O-O 8. Bd3 Qc7 9. O-O b6 10. Qe2 Bg4 11. h3 Bxf3 12. Qxf3 Nbd7 13. Qe2 Ne5 14. Ba6 Ned7 15. f4 Ne8 16. Bb5 Qd8 17. Bc6 Rb8 18. Qa6 Bd4+ 19. Kh1 Ndf6 20. Qxa7 Bxc3 21.
bxc3 Nxe4 22. Be1 Nc7 23. Rb1 f5 24. Rxb6 Rxb6 25. Qxb6 Qb8 26. a5 c4 27. Bh4 Kf7 28.
Bd7 Nxc3 29. Be6+ Nxe6 30. dxe6+ Kxe6 31. Qe3+ Ne4 32. a6 Qb2 33. a7 Ra8 34. g4 Qa2 35.
gxf5+ gxf5 36. Qd4 Qxa7 37. Qxc4+ d5 38. Qc6+ Kf7 39.
Qh6 Ke8 40. Qxh7 Kd7 41. Qxf5+ Kc6 42. c4 Qc5 43. Rd1 Nf6 44. Bxf6 exf6 45. Qxd5+ Qxd5+ 46.
Rxd5 Ra4 47. Rf5 Rxc4 48. Rxf6+ Kd7 49. Kg2 Ke7 50. Rf5 Ke6 51. Re5+ Kf6 52. Kg3 Kg6 53. Kg4 Kg7 54. Re6 Rc5 55. Ra6 Kf7 56. h4 Kg7 57. h5 Kf7 58. Kh4 Kg7 59. Kh3 Kf7 60.
Kg4 Kg7 61. Re6 Kf7 62. Re5 Rc1 63. Ra5 Rh1 64. Kg5 Rg1+ 65. Kf5 Rh1 66. Ra7+ Kf8 67. Kg6 Rg1+ 68. Kf6 Kg8 69. f5 Rh1 70. Ra8+ Kh7 71. Kf7 1-0

[Event "Late-Titled-Tuesday-Blitz-June-04-2024"]
[Site "Chess.com"]
[Date "2024.06.04"]
[Round "8"]
[White "MaiqMaster"]
[Black "ncofre98"]
[Result "1/2-1/2"]
[WhiteElo "2460"]
[BlackElo "2604"]
[TimeControl "180+1"]
[EndTime "15:27:20 PDT"]
[Termination "Game drawn by repetition"]

1. e4 c5 2. Nc3 Nc6 3. Bb5 Nd4 4. Nf3 Nxb5 5. Nxb5 d5 6. exd5 a6 7. Nc3 Nf6 8. d4 Nxd5 9. dxc5 Nxc3 10. Qxd8+ Kxd8 11. bxc3 f6 12. O-O e5 13. Be3 Kc7 14. Nd2 Bf5 15. f4 Bxc2 16. fxe5 Re8 17. exf6 Rxe3 18. fxg7 Bxg7 19.
Rf7+ Kc6 20. Rxg7 Rxc3 21. Rc1 Rxc5 22. Rf7 Rd8 23. Rf6+ Kb5 24. Nf3 a5 25. Rf7 b6 26.
h4 a4 27. Ng5 Bg6 28. Rxc5+ bxc5 29. Rc7 c4 30. g4 Rd4 31. Nxh7 Rxg4+ 32. Kf2 Rxh4 33.
Ng5 Rh2+ 34. Ke3 Rxa2 35. Ne6 Ra3+ 36. Kd2 Rd3+ 37. Kc1 a3 38. Rb7+ Kc6 39. Ra7 Re3 40.
Ra6+ Kd5 41. Nf4+ Kd4 42. Nxg6 Re1+ 43. Kd2 Ra1 44. Nf4 a2 45. Ne2+ Kc5 46. Nc3 Rh1 47.
Rxa2 Rh2+ 48. Ne2 Kb4 49. Rb2+ Kc5 50. Rb8 Rg2 51. Rc8+ Kb5 52. Kd1 Rh2 53. Rb8+ Kc5 54. Rc8+ Kd5 55. Nc3+ Kd4 56. Nb5+ Kd3 57. Rd8+ Ke3 58.
Kc1 Rg2 59. Re8+ Kd3 60. Rd8+ Ke3 61. Re8+ Kd3 62. Rd8+ Ke3 1/2-1/2

[Event "Late-Titled-Tuesday-Blitz-June-04-2024"]
[Site "Chess.com"]
[Date "2024.06.04"]
[Round "8"]
[White "jaskol95"]
[Black "fpawn"]
[Result "1/2-1/2"]
[WhiteElo "2562"]
[BlackElo "2434"]
[TimeControl "180+1"]
[EndTime "15:27:20 PDT"]
[Termination "Game drawn - insufficient material"]

1. e4 c5 2. Nf3 Nc6 3. b4 cxb4 4. d4 d5 5. exd5 Qxd5 6. c4 Qa5 7. d5 Nb8 8. Bd2 Bg4 9. Be2 Nf6 10. O-O Nbd7 11.
a3 e6 12. Nd4 Bxe2 13. Qxe2 Bc5 14. dxe6 O-O 15. exd7 Bxd4 16. Bxb4 Qe5 17. Qxe5 Bxe5 18.
Ra2 Rfd8 19. Re1 Bc7 20. Be7 Rxd7 21. Bxf6 gxf6 22. Nc3 Ba5 23. Rc2 Rd3 24. Re3 Rxe3 25. fxe3 Bxc3 26. Rxc3 Rc8 27. Kf2 Kf8 28. e4 b6 29. Ke3 Ke7 30. Rc1 Kd6 31. Kd4 Ke6 32. Rf1 Rd8+ 33. Kc3 Rd6 34. Rf5 Rd1 35. Rh5 Re1 36.
Kd3 Ra1 37. Rxh7 Rxa3+ 38. Kd4 Ra2 39. g3 Rd2+ 40. Kc3 Rd1 41. h4 Rg1 42. Rg7 Ke5 43.
h5 Rh1 44. g4 Kxe4 45. Rxf7 Ke5 46. Rg7 a5 47. Kb3 Rb1+ 48. Ka3 Rh1 49. Ka4 Rh4 50. Kb5 f5 51. Rg5 Rxg4 52. Rg6 Rxg6 53. hxg6 Kf6 54. Kxb6 f4 55. c5 f3 56. c6 f2 57. c7 f1=Q 58.
c8=Q Qb1+ 59. Kxa5 Qa2+ 60. Kb4 Qb2+ 61. Ka4 Qa2+ 62.
Kb5 Qb2+ 63. Ka6 Qa3+ 64. Kb7 Qb4+ 65. Ka8 Qa4+ 66. Kb8 Qb4+ 67. Qb7 Qxb7+ 68. Kxb7 Kxg6 1/2-1/2

[Event "Late-Titled-Tuesday-Blitz-June-04-2024"]
[Site "Chess.com"]
[Date "2024.06.04"]
[Round "8"]
[White "EsmeraldasAnderson03"]
[Black "zverr1"]
[Result "0-1"]
[WhiteElo "2465"]
[BlackElo "2615"]
[TimeControl "180+1"]
[EndTime "15:27:21 PDT"]
[Termination "zverr1 won on time"]

1. d4 Nf6 2. c4 g6 3. Nc3 d5 4. cxd5 Nxd5 5. Nb1 Bg7 6. e4 Nb6 7. Be3 O-O 8. Nc3 Nc6 9. Nf3 Bg4 10. d5 Ne5 11.
Be2 Nec4 12. Bc1 c6 13. O-O cxd5 14. exd5 Rc8 15. h3 Bxf3 16. Bxf3 Nxb2 17. Bxb2 Bxc3 18. Bxc3 Rxc3 19. Re1 Qd6 20. Qe2 Re8 21. Qe5 Qxe5 22. Rxe5 Ra3 23. d6 e6 24. Bxb7 Rd8 25. Rd1 Nc4 26. Re2 Rxd6 27. Rc1 Rd2 28. Rxd2 Nxd2 29. Rc2 Nb1 30. Bf3 Nc3 31. h4 h5 32. Kh2 a5 33.
Bc6 Nxa2 34. Bb5 Nc3 35. Bc4 Kg7 36. f3 a4 37. Rb2 Nd5 38. Rb5 Ne3 39. Rb4 Nxc4 40.
Rxc4 Ra1 41. Kg3 a3 42. Ra4 Kf6 43. Ra5 e5 44. Kh2 Kf5 45. Kg3 f6 46. Ra4 g5 47.
Kh2 g4 48. Kg3 gxf3 49. Kxf3 a2 50. Kg3 Kg6 51. Ra8 f5 52. Ra6+ Kf7 53. Kf2 f4 54.
Ke2 Rg1 0-1

[Event "Late-Titled-Tuesday-Blitz-June-04-2024"]
[Site "Chess.com"]
[Date "2024.06.04"]
[Round "8"]
[White "Szparu"]
[Black "SaraciNderim"]
[Result "1/2-1/2"]
[WhiteElo "2978"]
[BlackElo "2893"]
[TimeControl "180+1"]
[EndTime "15:27:25 PDT"]
[Termination "Game drawn - insufficient material"]

1. Nf3 Nf6 2. d4 d5 3. c4 e6 4. g3 c6 5. Bg2 Nbd7 6. O-O b6 7. Nc3 Bb7 8. Qd3 Be7 9. e4 dxe4 10. Nxe4 O-O 11.
Rd1 c5 12. Nxf6+ Nxf6 13. Be3 cxd4 14. Bxd4 Rc8 15. b3 Bc5 16. Bxc5 Qxd3 17. Rxd3 Rxc5 18. Rad1 g6 19. Nd4 Bxg2 20. Kxg2 a6 21. Nf3 Rfc8 22. Rd6 b5 23. Rxa6 bxc4 24. bxc4 Rxc4 25. Rd2 Rc2 26. Rad6 Kg7 27. Rxc2 Rxc2 28. Rd2 Rc3 29. Rb2 Ne4 30.
Ne5 Rc5 31. f4 Ra5 32. Kf3 Nd6 33. Rd2 Ra3+ 34. Rd3 Ra6 35. a3 f6 36. Nd7 Nc4 37. Nc5 Rxa3 38. Rxa3 Nxa3 39. Nxe6+ Kf7 40. Nd4 Nc4 41. Ke4 Nb6 42. h3 h5 43. g4 hxg4 44.
hxg4 f5+ 45. gxf5 gxf5+ 46. Nxf5 Kf6 47. Ne3 Ke6 48. f5+ Kf7 49. Ng4 Nc8 50. Ke5 Ne7 51. Nh6+ Kf8 52. f6 Nc6+ 53. Ke4 Nd8 54. Ng4 Ne6 55. Ne5 Ng5+ 56. Kf5 Nh7 57. f7 Kg7 58. Kg4 Kf8 59. Kh5 Kg7 60. Kg4 Kf6 61. Kf4 Ke6 62. Nf3 Kxf7 1/2-1/2

[Event "Late-Titled-Tuesday-Blitz-June-04-2024"]
[Site "Chess.com"]
[Date "2024.06.04"]
[Round "8"]
[White "ImportedItalianMaple"]
[Black "mac0504"]
[Result "1-0"]
[WhiteElo "2586"]
[BlackElo "2764"]
[TimeControl "180+1"]
[EndTime "15:27:26 PDT"]
[Termination "ImportedItalianMaple won on time"]

1. e4 Nc6 2. Nf3 d6 3. Nc3 Nf6 4. h3 g6 5. g3 Bg7 6. Bg2 O-O 7. O-O e5 8. d4 exd4 9. Nxd4 Bd7 10. Be3 Re8 11.
Nde2 h5 12. Qd2 Ne5 13. b3 Bxh3 14. Bg5 Bxg2 15. Kxg2 Qd7 16. Rae1 c6 17. f4 Neg4 18. Ng1 Nh7 19. Nf3 Nxg5 20. Nxg5 Qe7 21. Qd3 Qf6 22. Nd1 Rad8 23. Nf2 Nxf2 24. Rxf2 Qd4 25. Nf3 Qxd3 26. cxd3 a5 27. Rc2 a4 28. bxa4 Ra8 29. Rb1 Re7 30. Rc4 d5 31. Rcb4 dxe4 32. dxe4 c5 33.
Rc4 Ra5 34. Rb5 Rxb5 35. axb5 b6 36. a4 Rd7 37. a5 bxa5 38. Rxc5 Rb7 39. e5 Bf8 40.
Rd5 a4 41. Nd2 a3 42. Nb3 a2 43. Na1 Bb4 44. Rd8+ Kg7 45. Ra8 Rxb5 46. Rxa2 Bc3 47. Nc2 Rb1 48. Ne3 Bd4 49. Kf3 Bxe3 50. Kxe3 Rg1 51.
Kf2 Rb1 52. Ra6 Rb2+ 53. Kf3 Rb3+ 54. Kg2 Kg8 55. Kh3 Rb1 56. Kh4 Kg7 57. Ra7 Kf8 58. Kg5 Rb3 59. Kf6 Kg8 60. Rxf7 Rxg3 61. Rg7+ Kf8 62. e6 Rf3 63. e7+ Ke8 64. Rg8+ 1-0

[Event "Late-Titled-Tuesday-Blitz-June-04-2024"]
[Site "Chess.com"]
[Date "2024.06.04"]
[Round "8"]
[White "MaestroCheck"]
[Black "Mops_2004"]
[Result "1-0"]
[WhiteElo "2641"]
[BlackElo "2784"]
[TimeControl "180+1"]
[EndTime "15:27:26 PDT"]
[Termination "MaestroCheck won on time"]

1. e4 g6 2. d4 Bg7 3. Nc3 d6 4. Be3 a6 5. Bd3 b5 6. Nf3 Nd7 7. h4 c5 8. h5 cxd4 9. Bxd4 Bxd4 10. Nxd4 g5 11. a4 b4 12. Nd5 Bb7 13. Nxb4 Ngf6 14. Qe2 Qb6 15. c3 a5 16. Na2 Nc5 17. Bb5+ Kf8 18. f3 e5 19. Nf5 d5 20. Qe3 h6 21. b4 axb4 22. Nxb4 dxe4 23. fxe4 Nfxe4 24. O-O Nxc3 25. Qxc3 Nxa4+ 26. Qe3 Qxb5 27. Nd6 Qxb4 28. Rxf7+ Kg8 29. Rxb7 Qd4 30. Qxd4 exd4 31. Ne4 Ra6 32. Rc1 Nc3 33. Nxc3 dxc3 34. Rxc3 Ra8 35. Rcc7 Kf8 36.
Rf7+ Ke8 37. Rbe7+ Kd8 38. Re6 Rb8 39. Rff6 Kd7 40.
Rxh6 Rxh6 41. Rxh6 Rg8 42. Kh2 Ke7 43. Kg3 Rd8 44.
Rg6 Rd5 45. Kg4 Rd2 46. g3 Rd4+ 47. Kxg5 Kf7 48. Rf6+ Kg7 49. Rf4 Rd5+ 50. Kh4 Rd3 51. g4 Rd1 52. Ra4 Rd5 53. Ra7+ Kg8 54. Ra6 Rd1 55. h6 Rd5 56. g5 Rd1 57. Kh5 Rd7 58. Re6 Rd8 59. Kg6 Kh8 60. Kf5 Rf8+ 61. Rf6 Rd8 62.
g6 Rd5+ 63. Ke6 Rd8 64. Ke7 Rg8 65.
g7+ Kh7 66. Rf8 1-0

[Event "Late-Titled-Tuesday-Blitz-June-04-2024"]
[Site "Chess.com"]
[Date "2024.06.04"]
[Round "8"]
[White "Tunahan_Makaraci"]
[Black "King_Deded4d5"]
[Result "1-0"]
[WhiteElo "2574"]
[BlackElo "2442"]
[TimeControl "180+1"]
[EndTime "15:27:28 PDT"]
[Termination "Tunahan_Makaraci won by resignation"]

1. e4 e6 2. d4 d5 3. exd5 exd5 4. Bf4 Bd6 5. Qd2 Bf5 6. Nc3 Nf6 7. O-O-O O-O 8. f3 Bg6 9. g4 c6 10. h4 h5 11. g5 Ne8 12. Nh3 Nd7 13. Bd3 Bxd3 14.
Qxd3 g6 15. Rde1 Nb6 16. Kb1 a5 17. Bxd6 Nxd6 18. Nf4 Qd7 19. Nxg6 fxg6 20. Qxg6+ Kh8 21. Qh6+ Kg8 22. Re6 Nf5 23. Rg6+ Ng7 24. Qxh5 Rae8 25.
Qg4 Qf5 26. Rf6 Rxf6 27. gxf6 Qxf6 28. b3 Qf5 29. Qg3 Kh7 30. Rg1 Re7 31. Ne2 Nh5 32.
Qg8+ Kh6 33. Rg5 Qf7 34. Qh8+ Qh7 35. Qf8+ Rg7 36. Qd6+ Rg6 37. Qe5 Nd7 38. Qe3 Kg7 39. Rxg6+ Qxg6 40. Qe7+ Qf7 41. Qg5+ Qg6 42. Qe7+ Qf7 43.
Qg5+ Kh7 44. Nc3 Ndf6 45. Qf5+ Qg6 46. Qe6 Kh6 47. Qe7 Nf4 48. Qf8+ Kh5 49. Qh8+ Qh6 50. Qc8 Qg7 51. Qf5+ Kxh4 52. Qxf4+ Kh3 53. Qf5+ Kg3 54. Qe5+ Kxf3 55. Kb2 Qg6 56. Qe6 Ne4 57. Qxg6 1-0

[Event "Late-Titled-Tuesday-Blitz-June-04-2024"]
[Site "Chess.com"]
[Date "2024.06.04"]
[Round "8"]
[White "TERMINATOR_PC"]
[Black "IngOscarArdila"]
[Result "1-0"]
[WhiteElo "2593"]
[BlackElo "2283"]
[TimeControl "180+1"]
[EndTime "15:27:28 PDT"]
[Termination "TERMINATOR_PC won by resignation"]

1. d4 Nf6 2. Bf4 e6 3. e3 Be7 4. c3 O-O 5. Nd2 c5 6. Ngf3 Nc6 7. Bd3 d6 8. O-O b6 9. a4 a5 10. h3 Bb7 11. Qe2 Re8 12. e4 cxd4 13. cxd4 Nb4 14. Bb5 Nd7 15. Rfc1 Rc8 16. Nf1 Bc6 17. Bxc6 Rxc6 18.
Rxc6 Nxc6 19. Rc1 Nb4 20. Qb5 Nf6 21. Ng3 d5 22. Bc7 Qc8 23. e5 Ne4 24. Qxb6 Qd7 25. Qb5 Qc8 26. Kh2 Qa8 27. Qxa5 Nd3 28. Ra1 Nxb2 29. Qxa8 Rxa8 30. a5 Nc4 31. Nxe4 dxe4 32. Ne1 Ra6 33. Nc2 f6 34. exf6 gxf6 35. Ra4 Nd2 36. Bb6 f5 37. Kg1 Kf7 38. Ra2 Nc4 39. Bc7 Ke8 40. Ne3 Nxe3 41. fxe3 Kd7 42. Bb6 Bd8 43. Bxd8 Kxd8 44. Kf2 Kd7 45. Kg3 Kc6 46. Kf4 Kd5 47. Kg5 Kc4 48. Ra1 Kd3 49. Ra3+ Kc4 50.
Kf4 Kd5 51. g3 h6 52. g4 fxg4 53. hxg4 e5+ 54. dxe5 Ra8 55. a6 Rg8 56. a7 Rf8+ 57.
Kg3 Ra8 58. Ra5+ Ke6 59. Kf4 Rf8+ 60. Kxe4 Ra8 61. Ra6+ 1-0

[Event "Late-Titled-Tuesday-Blitz-June-04-2024"]
[Site "Chess.com"]
[Date "2024.06.04"]
[Round "8"]
[White "bazar-wokzal"]
[Black "grzechu96"]
[Result "0-1"]
[WhiteElo "2588"]
[BlackElo "2790"]
[TimeControl "180+1"]
[EndTime "15:27:31 PDT"]
[Termination "grzechu96 won on time"]

1. e4 c5 2. c3 Nf6 3. e5 Nd5 4. d4 cxd4 5. cxd4 d6 6. Bc4 e6 7. Nf3 Nc6 8. O-O Be7 9. Qe2 O-O 10. Qe4 Bd7 11. Bd3 f5 12. exf6 Nxf6 13. Qe2 Nb4 14.
Bc4 d5 15. Bb3 Qb6 16. Nc3 Ne4 17. Nxe4 Bb5 18. Qe3 Bxf1 19. Nc5 Bc4 20. Nd7 Qa6 21. Nxf8 Bxb3 22. Qxb3 Rxf8 23. Bd2 Nd3 24. Be3 Bd6 25.
Rd1 Nb4 26. a3 Nc6 27. Ng5 Rf6 28. Qc2 g6 29. h4 Qc4 30. Qxc4 dxc4 31. Ne4 Be7 32.
Nxf6+ Bxf6 33. h5 gxh5 34. Kf1 Kf7 35. Ke2 Ne7 36. Rh1 Kg6 37. Rh3 Nd5 38. a4 b6 39.
Rh1 a6 40. Rc1 b5 41. axb5 axb5 42. Ra1 h4 43. Ra6 Kf5 44. Ra7 h5 45. Rb7 b4 46.
Rb8 Kg6 47. Rc8 c3 48. bxc3 bxc3 49. Kd3 Kf5 50. Ra8 Kg6 51. Bc1 Kf5 52. Ra7 Kg6 53. Ke4 Bg5 54. Ba3 c2 55. Ra6 Kf6 56. Rc6 Nb4 0-1

[Event "Late-Titled-Tuesday-Blitz-June-04-2024"]
[Site "Chess.com"]
[Date "2024.06.04"]
[Round "8"]
[White "Bilan_Danila"]
[Black "Chessgod9oninsta"]
[Result "1-0"]
[WhiteElo "2575"]
[BlackElo "2691"]
[TimeControl "180+1"]
[EndTime "15:27:31 PDT"]
[Termination "Bilan_Danila won by checkmate"]

1. d4 d5 2. Nf3 Nf6 3. c4 e6 4. Nc3 Be7 5. Bg5 O-O 6. e3 Nbd7 7. Bd3 b6 8. cxd5 Nxd5 9. Bxe7 Nxe7 10. Be4 Rb8 11.
O-O Ba6 12. Re1 c5 13. Qa4 Qc8 14. Rac1 Bb7 15. Red1 a6 16. Qc2 h6 17. d5 exd5 18.
Nxd5 Nxd5 19. Bxd5 Bxd5 20. Rxd5 Nf6 21. Rd6 Qc7 22.
Rxf6 gxf6 23. Qf5 Qd6 24. h3 Rfd8 25. Rc4 Qe6 26. Rg4+ Kf8 27. Qh7 f5 28. Rg3 Ke7 29.
Nh4 Rd5 30. Ng6+ Kd7 31. Nf4 Rd1+ 32. Kh2 Qf6 33. Rg6 Rh8 34. Rxf6 Rxh7 35. Rxb6 Rd6 36. Rb7+ Kc6 37. Ra7 Kb6 38. Re7 Rd2 39. Kg3 Rg7+ 40. Kf3 Rxb2 41. Nd5+ Kb5 42. Rb7+ Kc6 43. Rxb2 Kxd5 44.
Rb6 Rg6 45. Rxg6 fxg6 46. Ke2 c4 47. Kd2 g5 48. Kc3 Kc5 49. f3 a5 50. a4 h5 51.
e4 fxe4 52. fxe4 h4 53. e5 Kd5 54. e6 Kxe6 55. Kxc4 Ke5 56. Kb5 Kf4 57. Kxa5 Kg3 58. Kb4 Kxg2 59. a5 g4 60. a6 gxh3 61. a7 h2 62. a8=Q+ Kg1 63. Qa1+ Kg2 64. Qb2+ Kh1 65. Qc1+ Kg2 66. Qg5+ Kh1 67. Qf4 h3 68. Qf1# 1-0

[Event "Late-Titled-Tuesday-Blitz-June-04-2024"]
[Site "Chess.com"]
[Date "2024.06.04"]
[Round "8"]
[White "emeli_chess"]
[Black "BashiqChess"]
[Result "0-1"]
[WhiteElo "2359"]
[BlackElo "2475"]
[TimeControl "180+1"]
[EndTime "15:27:33 PDT"]
[Termination "BashiqChess won by checkmate"]

1. d4 d5 2. c4 e6 3. Nc3 a6 4. e4 dxe4 5. Nxe4 Bb4+ 6. Nc3 c5 7. Nf3 Nf6 8. a3 Ba5 9. Be2 Nc6 10. dxc5 Qxd1+ 11.
Bxd1 Ne4 12. Bd2 Bxc3 13. Bxc3 Nxc3 14. bxc3 e5 15. Ba4 f6 16. Bxc6+ bxc6 17. Rb1 Be6 18.
Nd2 O-O 19. Rb6 Rfd8 20. Ke2 Bd7 21. Rhb1 a5 22. a4 Bf5 23. R1b2 Bd3+ 24. Ke3 Rac8 25. f3 Bg6 26. Ne4 f5 27. Nd6 f4+ 28. Ke2 Rc7 29. Rb8 Rd7 30. Rxd8+ Rxd8 31. Rb6 Bc2 32. Rxc6 Bxa4 33.
Ra6 Bc2 34. Rxa5 Kf8 35. Ra7 Bg6 36. Rc7 Rb8 37. Rc8+ Rxc8 38. Nxc8 Ke8 39. Nd6+ Kd7 40. Ne4 Kc6 41. Kd3 Bf5 42. Kc2 Bxe4+ 43. fxe4 Kxc5 44. Kd3 g5 45. h3 h5 46. Kc2 Kxc4 47. Kd2 g4 48. h4 g3 49. Ke2 Kxc3 50. Kf3 Kd4 51.
Ke2 Kxe4 52. Ke1 Kf5 53. Ke2 e4 54. Kf1 Kg4 55. Kg1 Kxh4 56. Kh1 Kg4 57. Kg1 h4 58. Kh1 f3 59. Kg1 Kf4 60. Kf1 fxg2+ 61. Kxg2 Kg4 62. Kg1 h3 63. Kh1 e3 64. Kg1 e2 65. Kh1 e1=Q# 0-1

[Event "Late-Titled-Tuesday-Blitz-June-04-2024"]
[Site "Chess.com"]
[Date "2024.06.04"]
[Round "8"]
[White "Darkbluelord"]
[Black "N_I_Chess"]
[Result "0-1"]
[WhiteElo "2135"]
[BlackElo "2296"]
[TimeControl "180+1"]
[EndTime "15:27:34 PDT"]
[Termination "N_I_Chess won by resignation"]

1. e4 Nf6 2. e5 Nd5 3. c4 Nb6 4. d4 d6 5. f4 g6 6. Nf3 Bg7 7. Be3 dxe5 8. fxe5 Bg4 9. Nc3 Nc6 10. b3 Qd7 11. Be2 O-O-O 12. c5 Nd5 13. Nxd5 Qxd5 14. O-O Qe4 15. Bf2 f6 16. h3 Be6 17. Nd2 Qd5 18. Bf3 Qd7 19. Bxc6 Qxc6 20. exf6 exf6 21. Nf3 Bd5 22. b4 Rhe8 23. a4 f5 24. b5 Bxf3 25.
bxc6 Bxd1 26. cxb7+ Kxb7 27. Rfxd1 Rd5 28. Rab1+ Kc6 29. Rb4 Red8 30. Kh2 Rxc5 31. dxc5 Rxd1 32. Rb8 Be5+ 33. Bg3 Bxg3+ 34. Kxg3 Kxc5 35. Rh8 Rd7 36. Ra8 Kb6 37. Kf4 c5 38. Rc8 Rc7 39. Rb8+ Ka5 40. Ke3 c4 41. Kd2 c3+ 42. Kc2 Kxa4 43. Rb1 a5 44.
Ra1+ Kb4 45. Rb1+ Kc4 46. Ra1 Re7 47. Rxa5 Re2+ 48. Kd1 Rxg2 49. Ra7 Rh2 50. Rc7+ Kd4 51. Rd7+ Ke4 52. Re7+ Kf4 53. Rc7 Rxh3 54. Rc4+ Ke5 55. Kc2 h5 56. Rc5+ Kf4 57. Rc4+ Kg5 58. Rc8 h4 59.
Rg8 Rg3 60. Rg7 h3 61. Rf7 h2 62. Rh7 Rg2+ 63. Kxc3 Kg4 64. Kd3 g5 65. Rh6 Kg3 66.
Rh7 Rg1 67. Rh6 h1=Q 68. Rg6 Qe4+ 69. Kc3 Rc1+ 0-1

[Event "Late-Titled-Tuesday-Blitz-June-04-2024"]
[Site "Chess.com"]
[Date "2024.06.04"]
[Round "8"]
[White "Oleg_Papayan"]
[Black "andrejljepic"]
[Result "1-0"]
[WhiteElo "2570"]
[BlackElo "2428"]
[TimeControl "180+1"]
[EndTime "15:27:36 PDT"]
[Termination "Oleg_Papayan won by checkmate"]

1. e4 c5 2. d4 cxd4 3. Qxd4 Nc6 4. Qd3 g6 5. Nc3 Bg7 6. Nf3 Nf6 7. Be2 d6 8. O-O O-O 9. Nd5 Bg4 10. c3 Nd7 11.
Bg5 h6 12. Bh4 g5 13. Bg3 Nc5 14. Qc2 Bh5 15. Ne3 Bg6 16. Nf5 Bxf5 17. exf5 Ne5 18. Rad1 Nxf3+ 19. Bxf3 Qc7 20. Rfe1 Bf6 21. h4 Kg7 22.
Bd5 a5 23. Qe2 a4 24. a3 Qb6 25. Kh1 Ra5 26. f3 Nd7 27. Bf2 Qc7 28. f4 gxf4 29.
Qg4+ Kh7 30. Bxf7 Rxf7 31. Qg6+ Kh8 32. Qxf7 Ne5 33. Qf8+ Kh7 34. Bd4 f3 35. Bxe5 fxg2+ 36. Kxg2 Qc6+ 37. Kf2 Rxe5 38. Qf7+ Kh8 39. Rxe5 Bxe5 40.
Qf8+ Kh7 41. Qxe7+ Kh8 42. Qf8+ Kh7 43. Qf7+ Kh8 44. f6 Qb6+ 45. Kf3 Qc6+ 46. Ke3 Qb6+ 47. Ke4 Qc6+ 48. Kf5 Qf3+ 49. Ke6 Qg4+ 50. Ke7 Bxf6+ 51. Qxf6+ Kh7 52. Qf7+ Kh8 53. Rf1 Qe4+ 54. Kd8 Qxh4+ 55. Qe7 Qxe7+ 56. Kxe7 Kh7 57. Rf7+ Kg6 58. Rf6+ Kg5 59. Rxd6 h5 60. Rb6 h4 61. Rxb7 Kg4 62. Rb4+ Kg5 63. Rxa4 h3 64. Ra8 h2 65. Rg8+ Kf4 66. Rh8 Kg3 67. Rxh2 Kxh2 68. a4 Kg3 69. a5 Kf4 70.
a6 Ke4 71. a7 Kd3 72. a8=Q Kc2 73. b4 Kb2 74. b5 Kc2 75. b6 Kd2 76. b7 Ke2 77.
b8=Q Kf2 78. Qf4+ Kg1 79. Qa1+ Kg2 80. Qaf1# 1-0

[Event "Late-Titled-Tuesday-Blitz-June-04-2024"]
[Site "Chess.com"]
[Date "2024.06.04"]
[Round "8"]
[White "mightysmasher"]
[Black "sari07"]
[Result "0-1"]
[WhiteElo "2550"]
[BlackElo "2414"]
[TimeControl "180+1"]
[EndTime "15:27:36 PDT"]
[Termination "sari07 won by checkmate"]

1. e4 c5 2. c3 d5 3. exd5 Qxd5 4. d4 Nc6 5. Nf3 Nf6 6. Na3 e6 7. Nb5 Qd8 8. Be2 a6 9. Na3 cxd4 10. cxd4 Bb4+ 11. Bd2 O-O 12. Bxb4 Nxb4 13. O-O b5 14.
Qd2 Nbd5 15. Rac1 Bb7 16. Rfd1 Rc8 17. Ne5 Rxc1 18. Rxc1 Qd6 19. Bf3 Rd8 20. Nc2 Nd7 21.
Nxd7 Rxd7 22. Ne3 h6 23. Nxd5 Bxd5 24. Qd3 Bxf3 25. gxf3 g6 26. Qe3 Kh7 27. Rd1 Qd5 28.
b3 Qf5 29. Rc1 Qd5 30. Rd1 e5 31. Re1 exd4 32. Qf4 d3 33. Qd2 Qg5+ 34. Qxg5 hxg5 35. Rd1 f5 36. Kf1 Kh6 37. Ke1 Kh5 38. Kd2 Kh4 39. Rg1 Rd5 40. f4 g4 41. Rg3 Rd4 42. f3 Rxf4 43. fxg4 fxg4 44. Rg2 Rf3 45. a4 bxa4 46. bxa4 Kh3 47. Rg1 Rf2+ 48. Kxd3 Rxh2 49. Ke3 g3 50. Kf3 Rf2+ 51. Ke3 Rf5 52. Rc1 g2 53. Ke2 Kh2 54. Ke3 g1=Q+ 55. Rxg1 Kxg1 56. Ke4 Ra5 57. Kf4 Rxa4+ 58.
Kg5 Ra5+ 59. Kxg6 Rb5 60. Kf6 a5 61. Ke6 Rb1 62. Kd6 a4 63. Kc6 a3 64. Kc5 a2 65.
Kd4 a1=Q+ 66. Kd5 Rb2 67. Ke6 Qa3 68. Ke5 Rb4 69. Kf5 Qa5+ 70. Ke6 Rb6+ 71. Kf7 Qa7+ 72. Ke8 Rb8# 0-1